Pick #1

Connor Bedard
Pick #2

Leo Carlsson
Pick #3

Adam Fantilli
Pick #4

Matvei Michkov
Pick #5

David Reinbacher
Pick #6

William Smith
Pick #7

Zachary Benson
Pick #8

Ryan Leonard
Pick #9

Gabriel Perreault
Pick #10

Axel Sandin-Pellika
Pick #11

Daniil But
Pick #12

Dalibor Dvorsky
Pick #13

Quentin Musty
Pick #14

Brayden Yager
Pick #15

Dmitry Simashev
Pick #16

Colby Barlow
Pick #17

Andrew Cristall
Pick #18

Easton Cowan
Pick #19

Jacob Fowler
Pick #20

Oliver Moore
Pick #21

Oliver Bonk
Pick #22

Tom Willander
Pick #23

Calum Ritchie
Pick #24

Tanner Molendyk
Pick #25

Gavin Brindley
Pick #26

Nate Danielson
Pick #27

Pick #28

Pick #29

Pick #30

Pick #31

Pick #32

Pick #33

Pick #34

Pick #35

Pick #36

Pick #37

Pick #38

Pick #39

Pick #40

Pick #41

Pick #42

Pick #43

Pick #44

Pick #45

Pick #46

Pick #47

Pick #48

Pick #49

Pick #50

Pick #51

Pick #52

Pick #53

Pick #54

Pick #55

Pick #56

Pick #57

Pick #58

Pick #59

Pick #60

Pick #61

Pick #62

Pick #63

Pick #64

Pick #65

Pick #66

Pick #67

Pick #68

Pick #69

Pick #70

Pick #71

Pick #72

Pick #73

Pick #74

Pick #75

Pick #76

Pick #77

Pick #78

Pick #79

Pick #80

Pick #81

Pick #82

Pick #83

Pick #84

Pick #85

Pick #86

Pick #87

Pick #88

Pick #89

Pick #90

Pick #91

Pick #92

Pick #93

Pick #94

Pick #95

Pick #96

Pick #97

Pick #98

Pick #99

Pick #100

Pick #101

Pick #102

Pick #103

Pick #104

Pick #105

Pick #106

Pick #107

Pick #108

Pick #109

Pick #110

Pick #111

Pick #112

Pick #113

Pick #114

Pick #115

Pick #116

Pick #117

Pick #118

Pick #119

Pick #120

Pick #121

Pick #122

Pick #123

Pick #124

Pick #125

Pick #126

Pick #127

Pick #128

Pick #129

Pick #130

Full Scoreboard »»

Lightning vs Jets

Created - January 23, 2024 at 08:46

Goals
1 2 3 OT1 SO T
Lightning 1 0 3 0 2 5
Jets 2 1 1 0 1 4
Shots
1 2 3 OT1 SO T
Lightning 6 11 10 1 3 28
Jets 12 8 7 1 3 28

GoalsPenalties
1st period
1. Jets , Gustav Nyquist 8 (Victor Olofsson 6, Oliver Bjorkstrand 12) at 13:37 (PP)
2. Lightning , Sam Bennett 15 (Brock Nelson 15, Jeff Skinner 10) at 17:13
3. Jets , Reilly Smith 11 (Nick Schmaltz 19, Connor Murphy 8) at 18:18
Jacob Markstrom (TBL) for Delaying the game (Minor) at 12:07 - Ryan Strome served the penalty.
2nd period
4. Jets , Victor Olofsson 6 (Gustav Nyquist 10, Hampus Lindholm 26) at 13:00
Brandon Montour (TBL) for Hooking (Minor) at 13:12
3rd period
5. Lightning , Patrice Bergeron 19 (William Karlsson 14, Brandon Montour 24) at 2:32
6. Lightning , Brock Nelson 14 (Kevin Shattenkirk 19, Jeff Skinner 11) at 7:44 (PP)
7. Lightning , Tyler Toffoli 10 (Patrice Bergeron 23, Ben Chiarot 15) at 12:51
8. Jets , Darren Helm 7 (Nate Schmidt 9) at 18:21
Ben Chiarot (TBL) for Hooking (Minor) at 2:38
Nick Schmaltz (WPG) for Hooking (Minor) at 5:55
Connor Murphy (WPG) for Interference (Minor) at 13:42
Ryan Strome (TBL) for Tripping (Minor) at 16:04
Overtime #1
No Goal
Shootout
Lightning, Patrice Bergeron - Goal!
Jets, Oliver Bjorkstrand - Stopped by Jacob Markstrom
Lightning, Jeff Skinner - Stopped by Darcy Kuemper
Jets, Andre Burakovsky - Goal!
Lightning, Brock Nelson - Goal!
Jets, Nick Schmaltz - Shot Misses the Net
Goalie Stats
Jacob Markstrom (TBL), 24 saves from 28 shots - (0.857), W, 20-9-5, 65:00 minutes
Darcy Kuemper (WPG), 24 saves from 28 shots - (0.857), OTL, 17-7-6, 65:00 minutes
3 StarsOfficial
1 - Patrice Bergeron (TBL)
2 - Tyler Toffoli (TBL)
3 - Gustav Nyquist (WPG)
Referees : Peter MacDougall and Jake Brenk
Linesman : Shaun Morgan and Steven Berry
Game Note
No Game Note
Finance
Level 1 -- Attendance: 4916 (81.93%) -- Ticket Income $663,660
Level 2 -- Attendance: 3228 (64.56%) -- Ticket Income $403,500
Level 3 -- Attendance: 1692 (76.91%) -- Ticket Income $203,040
Level 4 -- Attendance: 852 (83.86%) -- Ticket Income $97,980
Luxury Box -- Attendance: 534 (66.75%) -- Ticket Income $186,900
Game was played at the Canada Life Center.
Total Attendance: 11222 (74.73%)
Total Ticket Income: $1,555,080
Other Income: $388,770
Total Income: $1,943,850



Team Name Goals Shots Shots Attemp Shots Blocked PIM HIT PP PK FO%
Lightning 5285448211 / 2 (50%)158%
Jets 4285384171 / 4 (25%)142%

Lightning
Player Name POS G A P +/- PIM HIT SHT SB MP PP MP PP SHT PK MP PK SHT FO% FOT
Alex KillornLW0000021010:320:0001:010100% 1
Andrew PeekeD0000030016:550:0001:0200% 0
Barclay GoodrowC000000008:410:0001:5700% 2
Ben ChiarotD0110240119:491:2502:4500% 0
Brandon MontourD0110220124:102:2303:0600% 0
Brock NelsonC112-1014020:262:0121:09057% 21
Dawson MercerC000000409:580:0001:5700% 0
Erik HaulaLW0000002012:430:0004:2900% 0
Jeff SkinnerLW022-1011019:472:0100:0000% 0
John KlingbergD0000021225:152:2303:4000% 0
Kevin ShattenkirkD0110001022:311:2503:5600% 0
Patrice BergeronC1121013022:011:4700:00057% 23
Radko GudasD0000030016:180:0000:2500% 0
Ryan StromeC000020208:000:0000:00054% 13
Sam BennettC101-1003017:331:4710:0000% 1
Teddy BluegerC0000002011:050:0004:21075% 16
Tyler ToffoliRW1011021021:452:0100:00067% 3
William KarlssonC0111003020:011:4700:0000% 1
Jets
Player Name POS G A P +/- PIM HIT SHT SB MP PP MP PP SHT PK MP PK SHT FO% FOT
Andre BurakovskyLW0001011021:554:0400:2400% 0
Andreas AthanasiouC0000003011:090:0001:13042% 12
Connor MurphyD0110221217:020:0001:0000% 0
Darren HelmC101001108:490:0000:0000% 0
Dmitry OrlovD000-1020227:273:2302:0700% 0
Garnet HathawayRW000000009:340:0000:000100% 1
Gustav NyquistC112-1032021:453:2322:11042% 26
Hampus LindholmD011-1001129:024:0412:1200% 0
Joe VelenoC000000008:490:0000:0000% 0
Justin BarronD0001020212:530:0000:0000% 0
Mark JankowskiC0000010010:180:0001:29045% 11
Nate SchmidtD0111010016:163:2300:0000% 0
Nick SchmaltzC0111204021:484:0400:00041% 29
Oliver BjorkstrandRW011-1025019:503:2310:0000% 0
Reilly SmithRW1011017023:484:0402:1900% 0
Thomas NovakC000000009:340:0000:0000% 0
Torey KrugD0000000122:194:0402:1700% 0
Victor OlofssonLW112-1013018:523:2300:0000% 2



Play-by-Play

1st period


0:01 of 1st period - Patrice Bergeron wins face-off versus Nick Schmaltz in neutral zone.
0:55 of 1st period - Shot by Gustav Nyquist.
0:55 of 1st period - Shot Misses the Net.
1:05 of 1st period - Shot by Oliver Bjorkstrand.
1:05 of 1st period - Shot Misses the Net.
1:09 of 1st period - Shot by Gustav Nyquist.
1:09 of 1st period - Shot Blocked by John Klingberg.
1:34 of 1st period - Shot by Oliver Bjorkstrand.
1:34 of 1st period - Stopped by Jacob Markstrom without a rebound.
1:35 of 1st period - Brock Nelson wins face-off versus Andreas Athanasiou in Lightning zone.
2:07 of 1st period - Icing by Brock Nelson.
2:08 of 1st period - Brock Nelson wins face-off versus Mark Jankowski in Lightning zone.
2:08 of 1st period - Brock Nelson is hit by Darren Helm.
2:15 of 1st period - Kevin Shattenkirk is hit by Mark Jankowski and loses puck.
2:21 of 1st period - Off-side.
2:22 of 1st period - Nick Schmaltz wins face-off versus Ryan Strome in neutral zone.
2:42 of 1st period - Shot by Dawson Mercer.
2:42 of 1st period - Stopped by Darcy Kuemper without a rebound.
2:43 of 1st period - Teddy Blueger wins face-off versus Mark Jankowski in Jets zone.
2:43 of 1st period - Teddy Blueger is hit by Dmitry Orlov.
3:20 of 1st period - Shot by Darren Helm.
3:20 of 1st period - Shot Misses the Net.
3:35 of 1st period - Icing by Kevin Shattenkirk.
3:36 of 1st period - Teddy Blueger wins face-off versus Gustav Nyquist in Lightning zone.
3:48 of 1st period - Oliver Bjorkstrand is hit by Radko Gudas and loses puck.
5:03 of 1st period - Icing by Andrew Peeke.
5:04 of 1st period - Brock Nelson wins face-off versus Andreas Athanasiou in Lightning zone.
5:06 of 1st period - Icing by Sam Bennett.
5:07 of 1st period - Andreas Athanasiou wins face-off versus Brock Nelson in Lightning zone.
5:29 of 1st period - Andreas Athanasiou is hit by Brandon Montour.
6:16 of 1st period - Shot by Reilly Smith.
6:16 of 1st period - Stopped by Jacob Markstrom without a rebound.
6:17 of 1st period - Alex Killorn wins face-off versus Gustav Nyquist in Lightning zone.
6:25 of 1st period - Ryan Strome is hit by Justin Barron and loses puck.
6:34 of 1st period - Shot by Oliver Bjorkstrand.
6:34 of 1st period - Stopped by Jacob Markstrom without a rebound.
6:35 of 1st period - Nick Schmaltz wins face-off versus Teddy Blueger in Lightning zone.
6:35 of 1st period - Nick Schmaltz is hit by Ben Chiarot.
6:43 of 1st period - Shot by Nick Schmaltz.
6:43 of 1st period - Stopped by Jacob Markstrom without a rebound.
6:44 of 1st period - Nick Schmaltz wins face-off versus Ryan Strome in Lightning zone.
8:26 of 1st period - Icing by Hampus Lindholm.
8:27 of 1st period - Nick Schmaltz wins face-off versus Brock Nelson in Jets zone.
8:43 of 1st period - Off-side.
8:44 of 1st period - Gustav Nyquist wins face-off versus Teddy Blueger in neutral zone.
8:52 of 1st period - Gustav Nyquist is hit by Radko Gudas and loses puck.
9:03 of 1st period - Victor Olofsson is hit by Andrew Peeke and loses puck.
9:21 of 1st period - Shot by Oliver Bjorkstrand.
9:21 of 1st period - Shot Misses the Net.
10:03 of 1st period - Icing by Radko Gudas.
10:04 of 1st period - Garnet Hathaway wins face-off versus Teddy Blueger in Lightning zone.
10:21 of 1st period - Shot by Andreas Athanasiou.
10:21 of 1st period - Stopped by Jacob Markstrom without a rebound.
10:22 of 1st period - Patrice Bergeron wins face-off versus Mark Jankowski in Lightning zone.
10:41 of 1st period - Shot by Patrice Bergeron.
10:41 of 1st period - Shot Misses the Net.
11:01 of 1st period - Shot by Tyler Toffoli.
11:01 of 1st period - Shot Misses the Net.
11:57 of 1st period - Shot by Brock Nelson.
11:57 of 1st period - Stopped by Darcy Kuemper without a rebound.
11:58 of 1st period - Ryan Strome wins face-off versus Gustav Nyquist in Jets zone.
12:07 of 1st period - Shot by Victor Olofsson.
12:07 of 1st period - Stopped by Jacob Markstrom without a rebound.
12:07 of 1st period - Minor Penalty to Jacob Markstrom for Delaying the game.
12:08 of 1st period - Teddy Blueger wins face-off versus Nick Schmaltz in Lightning zone.
13:33 of 1st period - Shot by Oliver Bjorkstrand.
13:33 of 1st period - Stopped by Jacob Markstrom with a rebound.
13:35 of 1st period - Shot by Victor Olofsson.
13:35 of 1st period - Shot Misses the Net.
13:37 of 1st period - Shot by Gustav Nyquist.
13:37 of 1st period - Goal by Gustav Nyquist - Lightning : 0 - Jets : 1.
13:38 of 1st period - Patrice Bergeron wins face-off versus Andreas Athanasiou in neutral zone.
14:39 of 1st period - Sam Bennett is hit by Connor Murphy and loses puck.
15:09 of 1st period - Shot by Jeff Skinner.
15:09 of 1st period - Shot Misses the Net.
15:11 of 1st period - Shot by Brock Nelson.
15:11 of 1st period - Shot Misses the Net.
15:13 of 1st period - Shot by Kevin Shattenkirk.
15:13 of 1st period - Stopped by Darcy Kuemper without a rebound.
15:14 of 1st period - Nick Schmaltz wins face-off versus Ryan Strome in Jets zone.
15:27 of 1st period - Shot by Alex Killorn.
15:27 of 1st period - Stopped by Darcy Kuemper without a rebound.
15:28 of 1st period - Mark Jankowski wins face-off versus Teddy Blueger in Jets zone.
15:39 of 1st period - Shot by Hampus Lindholm.
15:39 of 1st period - Shot Misses the Net.
15:49 of 1st period - Shot by Mark Jankowski.
15:49 of 1st period - Shot Blocked by John Klingberg.
16:46 of 1st period - Shot by Andre Burakovsky.
16:46 of 1st period - Shot Misses the Net.
16:50 of 1st period - Shot by Nick Schmaltz.
16:50 of 1st period - Stopped by Jacob Markstrom without a rebound.
16:51 of 1st period - Gustav Nyquist wins face-off versus Brock Nelson in Lightning zone.
16:51 of 1st period - Oliver Bjorkstrand is hit by Andrew Peeke and loses puck.
17:13 of 1st period - Shot by Brock Nelson.
17:13 of 1st period - Deflect By Sam Bennett.
17:13 of 1st period - Goal by Sam Bennett - Lightning : 1 - Jets : 1.
17:14 of 1st period - Ryan Strome wins face-off versus Andreas Athanasiou in neutral zone.
17:50 of 1st period - Shot by Andreas Athanasiou.
17:50 of 1st period - Stopped by Jacob Markstrom without a rebound.
17:51 of 1st period - Patrice Bergeron wins face-off versus Nick Schmaltz in Lightning zone.
18:02 of 1st period - Icing by Torey Krug.
18:03 of 1st period - Brock Nelson wins face-off versus Nick Schmaltz in Jets zone.
18:06 of 1st period - Shot by Brock Nelson.
18:06 of 1st period - Shot Misses the Net.
18:11 of 1st period - Nick Schmaltz is hit by Brandon Montour and loses puck.
18:16 of 1st period - Shot by Nick Schmaltz.
18:16 of 1st period - Stopped by Jacob Markstrom with a rebound.
18:18 of 1st period - Shot by Reilly Smith.
18:18 of 1st period - Goal by Reilly Smith - Lightning : 1 - Jets : 2.
18:19 of 1st period - Gustav Nyquist wins face-off versus Patrice Bergeron in neutral zone.
18:46 of 1st period - Shot by William Karlsson.
18:46 of 1st period - Stopped by Darcy Kuemper without a rebound.
18:47 of 1st period - Brock Nelson wins face-off versus Nick Schmaltz in Jets zone.
Goals for this period are 1 for Lightning vs 2 for Jets.
Shots for this period are 6 for Lightning vs 12 for Jets.

2nd period


0:01 of 2nd period - Gustav Nyquist wins face-off versus Patrice Bergeron in neutral zone.
0:09 of 2nd period - Icing by Brandon Montour.
0:10 of 2nd period - Nick Schmaltz wins face-off versus Patrice Bergeron in Lightning zone.
0:38 of 2nd period - Dmitry Orlov is hit by Tyler Toffoli and loses puck.
1:23 of 2nd period - Shot by Oliver Bjorkstrand.
1:23 of 2nd period - Stopped by Jacob Markstrom without a rebound.
1:24 of 2nd period - Andreas Athanasiou wins face-off versus Brock Nelson in Lightning zone.
1:24 of 2nd period - Thomas Novak is hit by Andrew Peeke and loses puck.
2:24 of 2nd period - Icing by Ben Chiarot.
2:25 of 2nd period - Gustav Nyquist wins face-off versus Ryan Strome in Lightning zone.
2:34 of 2nd period - Shot by Gustav Nyquist.
2:34 of 2nd period - Shot Blocked by Ben Chiarot.
2:42 of 2nd period - Shot by Ryan Strome.
2:42 of 2nd period - Deflect By Dawson Mercer.
2:42 of 2nd period - Stopped by Darcy Kuemper without a rebound.
2:43 of 2nd period - Patrice Bergeron wins face-off versus Nick Schmaltz in Jets zone.
2:46 of 2nd period - Shot by Patrice Bergeron.
2:46 of 2nd period - Shot Misses the Net.
2:59 of 2nd period - Nick Schmaltz is hit by Patrice Bergeron and loses puck.
3:06 of 2nd period - Shot by Patrice Bergeron.
3:06 of 2nd period - Stopped by Darcy Kuemper without a rebound.
3:07 of 2nd period - Ryan Strome wins face-off versus Gustav Nyquist in Jets zone.
3:41 of 2nd period - Shot by Oliver Bjorkstrand.
3:41 of 2nd period - Stopped by Jacob Markstrom without a rebound.
3:42 of 2nd period - Nick Schmaltz wins face-off versus William Karlsson in Lightning zone.
3:51 of 2nd period - Shot by Tyler Toffoli.
3:51 of 2nd period - Deflect By Patrice Bergeron.
3:51 of 2nd period - Shot Misses the Net.
3:53 of 2nd period - Shot by Patrice Bergeron.
3:53 of 2nd period - Shot Blocked by Connor Murphy.
3:55 of 2nd period - Shot by William Karlsson.
3:55 of 2nd period - Stopped by Darcy Kuemper without a rebound.
3:56 of 2nd period - Mark Jankowski wins face-off versus Brock Nelson in Jets zone.
4:05 of 2nd period - Shot by Brock Nelson.
4:05 of 2nd period - Stopped by Darcy Kuemper with a rebound.
4:16 of 2nd period - Jeff Skinner is hit by Justin Barron and loses puck.
4:21 of 2nd period - Shot by Brock Nelson.
4:21 of 2nd period - Deflect By Sam Bennett.
4:21 of 2nd period - Shot Misses the Net.
4:31 of 2nd period - Shot by Sam Bennett.
4:31 of 2nd period - Shot Misses the Net.
4:33 of 2nd period - Shot by Sam Bennett.
4:33 of 2nd period - Stopped by Darcy Kuemper without a rebound.
4:34 of 2nd period - Patrice Bergeron wins face-off versus Nick Schmaltz in Jets zone.
5:03 of 2nd period - Shot by Reilly Smith.
5:03 of 2nd period - Stopped by Jacob Markstrom with a rebound.
6:02 of 2nd period - Dmitry Orlov is hit by Ben Chiarot and loses puck.
6:47 of 2nd period - Shot by Sam Bennett.
6:47 of 2nd period - Shot Misses the Net.
6:51 of 2nd period - Shot by Jeff Skinner.
6:51 of 2nd period - Shot Blocked by Hampus Lindholm.
6:53 of 2nd period - Shot by Brock Nelson.
6:53 of 2nd period - Shot Misses the Net.
7:14 of 2nd period - Off-side.
7:15 of 2nd period - Patrice Bergeron wins face-off versus Gustav Nyquist in neutral zone.
7:35 of 2nd period - Shot by Patrice Bergeron.
7:35 of 2nd period - Shot Blocked by Connor Murphy.
7:37 of 2nd period - Shot by Patrice Bergeron.
7:37 of 2nd period - Stopped by Darcy Kuemper without a rebound.
7:38 of 2nd period - Teddy Blueger wins face-off versus Andreas Athanasiou in Jets zone.
8:44 of 2nd period - Icing by John Klingberg.
8:45 of 2nd period - Patrice Bergeron wins face-off versus Gustav Nyquist in Lightning zone.
9:34 of 2nd period - Icing by Torey Krug.
9:35 of 2nd period - Gustav Nyquist wins face-off versus Sam Bennett in Jets zone.
10:14 of 2nd period - Brock Nelson is hit by Nate Schmidt.
11:01 of 2nd period - Shot by Andreas Athanasiou.
11:01 of 2nd period - Shot Misses the Net.
11:11 of 2nd period - Shot by Dawson Mercer.
11:11 of 2nd period - Deflect By Ryan Strome.
11:11 of 2nd period - Stopped by Darcy Kuemper with a rebound.
11:13 of 2nd period - Shot by Dawson Mercer.
11:13 of 2nd period - Stopped by Darcy Kuemper without a rebound.
11:14 of 2nd period - Patrice Bergeron wins face-off versus Nick Schmaltz in Jets zone.
11:33 of 2nd period - Shot by Nick Schmaltz.
11:33 of 2nd period - Stopped by Jacob Markstrom with a rebound.
11:35 of 2nd period - Shot by Andre Burakovsky.
11:35 of 2nd period - Deflect By Reilly Smith.
11:35 of 2nd period - Shot Blocked by Brandon Montour.
11:43 of 2nd period - Shot by Andre Burakovsky.
11:43 of 2nd period - Shot Misses the Net.
11:45 of 2nd period - Shot by Reilly Smith.
11:45 of 2nd period - Stopped by Jacob Markstrom without a rebound.
11:46 of 2nd period - Ryan Strome wins face-off versus Gustav Nyquist in Lightning zone.
11:48 of 2nd period - Icing by Kevin Shattenkirk.
11:49 of 2nd period - Gustav Nyquist wins face-off versus Ryan Strome in Lightning zone.
12:02 of 2nd period - Shot by Dawson Mercer.
12:02 of 2nd period - Deflect By Ryan Strome.
12:02 of 2nd period - Stopped by Darcy Kuemper without a rebound.
12:03 of 2nd period - Mark Jankowski wins face-off versus Patrice Bergeron in Jets zone.
12:18 of 2nd period - Shot by William Karlsson.
12:18 of 2nd period - Shot Misses the Net.
12:24 of 2nd period - Shot by Patrice Bergeron.
12:24 of 2nd period - Shot Misses the Net.
12:26 of 2nd period - Shot by John Klingberg.
12:26 of 2nd period - Shot Blocked by Justin Barron.
12:28 of 2nd period - Shot by John Klingberg.
12:28 of 2nd period - Shot Blocked by Justin Barron.
12:30 of 2nd period - Shot by John Klingberg.
12:30 of 2nd period - Stopped by Darcy Kuemper without a rebound.
12:31 of 2nd period - Brock Nelson wins face-off versus Gustav Nyquist in Jets zone.
12:56 of 2nd period - Shot by Gustav Nyquist.
12:56 of 2nd period - Shot Misses the Net.
12:58 of 2nd period - Shot by Gustav Nyquist.
12:58 of 2nd period - Shot Misses the Net.
13:00 of 2nd period - Shot by Victor Olofsson.
13:00 of 2nd period - Goal by Victor Olofsson - Lightning : 1 - Jets : 3.
13:01 of 2nd period - Nick Schmaltz wins face-off versus Patrice Bergeron in neutral zone.
13:09 of 2nd period - Reilly Smith is hit by John Klingberg.
13:12 of 2nd period - Minor Penalty to Brandon Montour for Hooking.
13:13 of 2nd period - Teddy Blueger wins face-off versus Nick Schmaltz in Lightning zone.
13:34 of 2nd period - Shot by Reilly Smith.
13:34 of 2nd period - Shot Misses the Net.
14:35 of 2nd period - Andrew Peeke is hit by Gustav Nyquist and loses puck.
14:42 of 2nd period - Shot by Gustav Nyquist.
14:42 of 2nd period - Stopped by Jacob Markstrom without a rebound.
14:43 of 2nd period - Teddy Blueger wins face-off versus Nick Schmaltz in Lightning zone.
15:02 of 2nd period - Shot by Hampus Lindholm.
15:02 of 2nd period - Stopped by Jacob Markstrom without a rebound.
15:03 of 2nd period - Gustav Nyquist wins face-off versus Barclay Goodrow in Lightning zone.
15:22 of 2nd period - Shot by Darren Helm.
15:22 of 2nd period - Shot Misses the Net.
15:57 of 2nd period - Nate Schmidt is hit by Tyler Toffoli and loses puck.
16:23 of 2nd period - Brock Nelson is hit by Oliver Bjorkstrand and loses puck.
17:40 of 2nd period - Shot by Teddy Blueger.
17:40 of 2nd period - Stopped by Darcy Kuemper with a rebound.
19:03 of 2nd period - Icing by Alex Killorn.
19:04 of 2nd period - Ryan Strome wins face-off versus Mark Jankowski in Lightning zone.
19:15 of 2nd period - Shot by Darren Helm.
19:15 of 2nd period - Shot Misses the Net.
Goals for this period are 0 for Lightning vs 1 for Jets.
Shots for this period are 11 for Lightning vs 8 for Jets.

3rd period


0:01 of 3rd period - Nick Schmaltz wins face-off versus Patrice Bergeron in neutral zone.
0:15 of 3rd period - Off-side.
0:16 of 3rd period - Brock Nelson wins face-off versus Gustav Nyquist in neutral zone.
0:33 of 3rd period - Brock Nelson is hit by Victor Olofsson and loses puck.
0:57 of 3rd period - Icing by Kevin Shattenkirk.
0:58 of 3rd period - Nick Schmaltz wins face-off versus Brock Nelson in Lightning zone.
1:02 of 3rd period - Reilly Smith is hit by Ben Chiarot and loses puck.
1:27 of 3rd period - Shot by Nick Schmaltz.
1:27 of 3rd period - Shot Misses the Net.
1:29 of 3rd period - Shot by Reilly Smith.
1:29 of 3rd period - Shot Misses the Net.
1:33 of 3rd period - Shot by Reilly Smith.
1:33 of 3rd period - Stopped by Jacob Markstrom without a rebound.
1:34 of 3rd period - Andreas Athanasiou wins face-off versus Barclay Goodrow in Lightning zone.
2:03 of 3rd period - Shot by Andreas Athanasiou.
2:03 of 3rd period - Stopped by Jacob Markstrom without a rebound.
2:04 of 3rd period - Tyler Toffoli wins face-off versus Gustav Nyquist in Lightning zone.
2:04 of 3rd period - Tyler Toffoli is hit by Gustav Nyquist.
2:32 of 3rd period - Shot by Patrice Bergeron.
2:32 of 3rd period - Goal by Patrice Bergeron - Lightning : 2 - Jets : 3.
2:33 of 3rd period - Nick Schmaltz wins face-off versus Brock Nelson in neutral zone.
2:35 of 3rd period - Torey Krug is hit by Ben Chiarot and loses puck.
2:38 of 3rd period - Shot by Andre Burakovsky.
2:38 of 3rd period - Stopped by Jacob Markstrom without a rebound.
2:38 of 3rd period - Minor Penalty to Ben Chiarot for Hooking.
2:39 of 3rd period - Teddy Blueger wins face-off versus Nick Schmaltz in Lightning zone.
2:45 of 3rd period - Icing by Andre Burakovsky.
2:46 of 3rd period - Teddy Blueger wins face-off versus Nick Schmaltz in Jets zone.
5:04 of 3rd period - Shot by Andreas Athanasiou.
5:04 of 3rd period - Shot Misses the Net.
5:55 of 3rd period - Minor Penalty to Nick Schmaltz for Hooking.
5:56 of 3rd period - Brock Nelson wins face-off versus Gustav Nyquist in Jets zone.
6:17 of 3rd period - Reilly Smith is hit by Jeff Skinner.
6:21 of 3rd period - Shot by Brandon Montour.
6:21 of 3rd period - Shot Misses the Net.
6:27 of 3rd period - Shot by Tyler Toffoli.
6:27 of 3rd period - Shot Hit the Post.
6:40 of 3rd period - Icing by Patrice Bergeron.
6:41 of 3rd period - Mark Jankowski wins face-off versus Patrice Bergeron in Lightning zone.
6:41 of 3rd period - Dmitry Orlov is hit by John Klingberg and loses puck.
7:02 of 3rd period - Shot by Sam Bennett.
7:02 of 3rd period - Stopped by Darcy Kuemper with a rebound.
7:44 of 3rd period - Shot by Brock Nelson.
7:44 of 3rd period - Goal by Brock Nelson - Lightning : 3 - Jets : 3.
7:45 of 3rd period - Andreas Athanasiou wins face-off versus Ryan Strome in neutral zone.
7:45 of 3rd period - Nate Schmidt is hit by Alex Killorn and loses puck.
8:25 of 3rd period - Icing by Radko Gudas.
8:26 of 3rd period - Ryan Strome wins face-off versus Victor Olofsson in Lightning zone.
8:52 of 3rd period - Icing by Kevin Shattenkirk.
8:53 of 3rd period - Brock Nelson wins face-off versus Nick Schmaltz in Lightning zone.
8:53 of 3rd period - Brock Nelson is hit by Andre Burakovsky.
9:06 of 3rd period - Ben Chiarot is hit by Reilly Smith and loses puck.
10:13 of 3rd period - Shot by William Karlsson.
10:13 of 3rd period - Shot Blocked by Torey Krug.
10:15 of 3rd period - Shot by William Karlsson.
10:15 of 3rd period - Stopped by Darcy Kuemper without a rebound.
10:16 of 3rd period - Teddy Blueger wins face-off versus Mark Jankowski in Jets zone.
10:36 of 3rd period - Off-side.
10:37 of 3rd period - Gustav Nyquist wins face-off versus Patrice Bergeron in neutral zone.
10:42 of 3rd period - Shot by Oliver Bjorkstrand.
10:42 of 3rd period - Shot Misses the Net.
10:44 of 3rd period - Shot by Connor Murphy.
10:44 of 3rd period - Stopped by Jacob Markstrom without a rebound.
10:45 of 3rd period - Gustav Nyquist wins face-off versus Patrice Bergeron in Lightning zone.
11:27 of 3rd period - Icing by Torey Krug.
11:28 of 3rd period - Gustav Nyquist wins face-off versus Brock Nelson in Jets zone.
11:37 of 3rd period - Shot by Victor Olofsson.
11:37 of 3rd period - Stopped by Jacob Markstrom without a rebound.
11:38 of 3rd period - Teddy Blueger wins face-off versus Nick Schmaltz in Lightning zone.
11:51 of 3rd period - Shot by Erik Haula.
11:51 of 3rd period - Stopped by Darcy Kuemper without a rebound.
11:52 of 3rd period - Mark Jankowski wins face-off versus Brock Nelson in Jets zone.
12:51 of 3rd period - Shot by Patrice Bergeron.
12:51 of 3rd period - Deflect By Tyler Toffoli.
12:51 of 3rd period - Goal by Tyler Toffoli - Lightning : 4 - Jets : 3.
12:52 of 3rd period - Nick Schmaltz wins face-off versus Tyler Toffoli in neutral zone.
13:05 of 3rd period - Shot by Reilly Smith.
13:05 of 3rd period - Stopped by Jacob Markstrom without a rebound.
13:06 of 3rd period - Teddy Blueger wins face-off versus Victor Olofsson in Lightning zone.
13:06 of 3rd period - Erik Haula is hit by Gustav Nyquist and loses puck.
13:17 of 3rd period - Shot by Erik Haula.
13:17 of 3rd period - Stopped by Darcy Kuemper with a rebound.
13:19 of 3rd period - Shot by Teddy Blueger.
13:19 of 3rd period - Stopped by Darcy Kuemper without a rebound.
13:20 of 3rd period - Tyler Toffoli wins face-off versus Nick Schmaltz in Jets zone.
13:34 of 3rd period - Tyler Toffoli is hit by Connor Murphy and loses puck.
13:42 of 3rd period - Minor Penalty to Connor Murphy for Interference.
13:43 of 3rd period - Brock Nelson wins face-off versus Gustav Nyquist in Jets zone.
14:07 of 3rd period - Off-side.
14:08 of 3rd period - Patrice Bergeron wins face-off versus Gustav Nyquist in neutral zone.
15:04 of 3rd period - Brandon Montour is hit by Dmitry Orlov and loses puck.
15:21 of 3rd period - Reilly Smith is hit by Brock Nelson and loses puck.
15:32 of 3rd period - Shot by Ben Chiarot.
15:32 of 3rd period - Shot Blocked by Dmitry Orlov.
15:38 of 3rd period - Shot by Brock Nelson.
15:38 of 3rd period - Deflect By Tyler Toffoli.
15:38 of 3rd period - Shot Misses the Net.
15:40 of 3rd period - Shot by Brock Nelson.
15:40 of 3rd period - Stopped by Darcy Kuemper with a rebound.
15:46 of 3rd period - Shot by Dawson Mercer.
15:46 of 3rd period - Stopped by Darcy Kuemper without a rebound.
15:47 of 3rd period - Ryan Strome wins face-off versus Mark Jankowski in Jets zone.
16:00 of 3rd period - Mark Jankowski is hit by Alex Killorn and loses puck.
16:04 of 3rd period - Minor Penalty to Ryan Strome for Tripping.
16:05 of 3rd period - Teddy Blueger wins face-off versus Gustav Nyquist in Lightning zone.
18:21 of 3rd period - Shot by Darren Helm.
18:21 of 3rd period - Goal by Darren Helm - Lightning : 4 - Jets : 4.
18:22 of 3rd period - Brock Nelson wins face-off versus Andreas Athanasiou in neutral zone.
18:48 of 3rd period - Thomas Novak is hit by Radko Gudas and loses puck.
18:52 of 3rd period - Icing by Andrew Peeke.
18:53 of 3rd period - Brock Nelson wins face-off versus Gustav Nyquist in Lightning zone.
19:24 of 3rd period - Andrew Peeke is hit by Oliver Bjorkstrand and loses puck.
Goals for this period are 3 for Lightning vs 1 for Jets.
Shots for this period are 10 for Lightning vs 7 for Jets.

Overtime #1


0:01 of 1st overtime period - Patrice Bergeron wins face-off versus Nick Schmaltz in neutral zone.
0:24 of 1st overtime period - Shot by Reilly Smith.
0:24 of 1st overtime period - Shot Misses the Net.
1:33 of 1st overtime period - Shot by Brock Nelson.
1:33 of 1st overtime period - Shot Misses the Net.
2:09 of 1st overtime period - Shot by Nick Schmaltz.
2:09 of 1st overtime period - Shot Misses the Net.
3:31 of 1st overtime period - Shot by Reilly Smith.
3:31 of 1st overtime period - Deflect By Victor Olofsson.
3:31 of 1st overtime period - Shot Misses the Net.
3:33 of 1st overtime period - Shot by Reilly Smith.
3:33 of 1st overtime period - Stopped by Jacob Markstrom with a rebound.
4:21 of 1st overtime period - Shot by Erik Haula.
4:21 of 1st overtime period - Shot Blocked by Dmitry Orlov.
4:42 of 1st overtime period - Icing by Connor Murphy.
4:43 of 1st overtime period - Andreas Athanasiou wins face-off versus Patrice Bergeron in Jets zone.
4:47 of 1st overtime period - Icing by Connor Murphy.
4:48 of 1st overtime period - Patrice Bergeron wins face-off versus Andreas Athanasiou in Jets zone.
4:53 of 1st overtime period - Shot by Jeff Skinner.
4:53 of 1st overtime period - Stopped by Darcy Kuemper without a rebound.
4:54 of 1st overtime period - Patrice Bergeron wins face-off versus Nick Schmaltz in Jets zone.
4:59 of 1st overtime period - Shot by Patrice Bergeron.
4:59 of 1st overtime period - Shot Misses the Net.
Goals for this period are 0 for Lightning vs 0 for Jets.
Shots for this period are 1 for Lightning vs 1 for Jets.

ShootOut


5:00 of 1st overtime period - Round #1.
5:00 of 1st overtime period - Lightning, Patrice Bergeron.
5:00 of 1st overtime period - Goal by Patrice Bergeron.
5:00 of 1st overtime period - Jets, Oliver Bjorkstrand.
5:00 of 1st overtime period - Stopped by Jacob Markstrom.
5:00 of 1st overtime period - Round #2.
5:00 of 1st overtime period - Lightning, Jeff Skinner.
5:00 of 1st overtime period - Stopped by Darcy Kuemper.
5:00 of 1st overtime period - Jets, Andre Burakovsky.
5:00 of 1st overtime period - Goal by Andre Burakovsky.
5:00 of 1st overtime period - Round #3.
5:00 of 1st overtime period - Lightning, Brock Nelson.
5:00 of 1st overtime period - Goal by Brock Nelson.
5:00 of 1st overtime period - Jets, Nick Schmaltz.
5:00 of 1st overtime period - Shot Misses the Net.